 Dungeon Crawl Stone Soup version 0.18.1-48-g4cf74bf (webtiles) character file.

202518 Letos the Hoplite (level 18, -4/110 HPs)
             Began as a Gargoyle Fighter on Aug 11, 2016.
             Was a High Priest of Okawaru.
             Slain by a jumping spider (12 damage)
             ... on level 4 of the Spider Nest.
             The game lasted 01:15:09 (38826 turns).

Letos the Hoplite (Gargoyle Fighter)               Turns: 38826, Time: 01:15:09

Health: -4/110     AC: 49    Str: 23    XL:     18   Next: 58%
Magic:  2/24       EV:  7    Int: 11    God:    Okawaru [*****.]
Gold:   3588       SH: 26    Dex: 15    Spells: 0 memorised, 17 levels left

rFire  . . .     SeeInvis +     h - +1 eveningstar (protect)
rCold  + . .     Gourm    .     p - +5 plate armour of the Villain {rN+ Regen+ Stlth-}
rNeg   + + .     Faith    .     r - +1 large shield {rC+}
rPois  ∞         Spirit   .     Z - +1 hat {MR+}
rElec  +         Dismiss  .     q - +1 cloak
rCorr  .         Reflect  .     D - +2 pair of gloves
SustAt .         Harm     +     L - +1 pair of boots {run}
MR     ++...                    v - amulet of harm
Stlth  ..........               i - ring of see invisible
                                K - +3 ring of strength

@: finesse, quick, very resistant to hostile enchantments, extremely unstealthy
A: big wings, hooves 1, slimy green scales 1, negative energy resistance 1,
electricity resistance, unbreathing, petrification resistance, rot immunity, AC
+13
a: Fly, Heroism, Finesse, Renounce Religion
}: 1/15 runes: decaying


You were on level 4 of the Spider Nest.
You worshipped Okawaru.
Okawaru was extremely pleased with you.
You were hungry.

You visited 7 branches of the dungeon, and saw 35 of its levels.
You also visited: Ice Cave.

You collected 3643 gold pieces.
You spent 55 gold pieces at shops.

Inventory:

Hand Weapons
 h - a +1 eveningstar of protection (weapon)
 s - a +4 demon whip of venom
Armour
 p - the +5 plate armour of the Villain (worn) {rN+ Regen+ Stlth-}
   (You found it in an ice cave)

   It protects you from negative energy.
   It increases your rate of regeneration.
   It makes you less stealthy.
 q - a +1 cloak (worn)
 r - a +1 large shield of cold resistance (worn)
 D - a +2 pair of gloves (worn)
 L - a +1 pair of boots of running (worn)
 Z - a +1 hat of magic resistance (worn)
Jewellery
 i - a ring of see invisible (right hand)
 m - an uncursed ring of protection from fire
 v - an amulet of harm (around neck)
 w - an uncursed ring of protection from fire
 K - a +3 ring of strength (left hand)
 M - an uncursed amulet of regeneration
Wands
 B - a wand of acid (0/15)
 E - a wand of disintegration (7/24)
 G - a wand of lightning (10/15)
 I - a wand of teleportation (3/9)
 P - a wand of disintegration (24/24)
Scrolls
 b - a scroll of magic mapping
 j - a scroll of holy word
 k - a scroll of enchant armour
 l - 4 scrolls of teleportation
 o - 6 scrolls of remove curse
 y - 2 scrolls of identify
 A - a scroll of fear
 C - 3 scrolls of blinking
 U - 3 scrolls of fog
Potions
 a - 5 potions of agility
 d - 2 potions of invisibility
 e - a potion of haste {unknown}
 n - 2 potions of curing
 t - 3 potions of magic
 u - 3 potions of berserk rage
 H - a potion of heal wounds
 J - 2 potions of lignification
 N - 2 potions of ambrosia
 O - 5 potions of might
Books
 c - a Grand Grimoire

   Spells                             Type                      Level
   a - Monstrous Menagerie            Summoning                    7
   b - Summon Greater Demon           Summoning                    7
   c - Malign Gateway                 Summoning/Translocation      7
   d - Summon Horrible Things         Summoning                    8
 x - a book of the Warp

   Spells                             Type                      Level
   a - Recall                         Summoning/Translocation      3
   b - Gell's Gravitas                Hexes/Translocation          3
   c - Force Lance                    Conjuration/Translocation    4
   d - Warp Weapon                    Charms/Translocation         5
   e - Summon Forest                  Summoning/Translocation      5
Comestibles
 f - 3 bread rations
 g - 2 meat rations
 z - a slice of pizza
 F - 5 fruits
 Q - 2 chunks of flesh


   Skills:
 - Level 11.0 Fighting
   Level 3.5 Long Blades
 - Level 16.1 Maces & Flails
 - Level 11.2 Armour
 * Level 23.7 Shields
 - Level 8.0 Invocations


You had 17 spell levels left.
You didn't know any spells.

Dungeon Overview and Level Annotations

Branches:
Dungeon (15/15)            Temple (1/1) D:7            Lair (8/8) D:11
  Swamp (4/4) Lair:3       Spider (4/4) Lair:6        Slime (0/6) Lair:8
    Orc (2/2) D:10            Elf (0/3) Orc:2        Vaults (0/5) D:13
 Depths (1/5) D:15

Altars:
Ashenzari
Cheibriados
Dithmenos
Elyvilon
Fedhas
Gozag
Kikubaaqudgha
Makhleb
Nemelex Xobeh
Okawaru
Pakellas
Qazlal
Ru
Sif Muna
Trog
Vehumet
Xom
Yredelemnul
Zin
The Shining One
Beogh
Jiyva
Lugonu

Shops:
D:4 !   D:13 !   Orc:2 :(?}

Portals:
Trove: D:15 (show slimy rune of Zot)


Innate Abilities, Weirdness & Mutations

You are resistant to torment.
Your stone body is resilient (AC +13).
You are immune to poison.
Your large and strong wings let you fly indefinitely.
You resist negative energy.
You are resistant to electric shocks.
You can survive without breathing.
You are immune to petrification.
You are immune to rotting.
You have large cloven feet.
You are partially covered in slimy green scales (AC +2).


Message History

You thump the jumping spider!
The jumping spider is moderately wounded.
You block the redback's attack.
You hit the jumping spider.
The jumping spider is moderately wounded.
You block the redback's attack.
You block the jumping spider's attack. x2
Your plate armour of the Villain prevents you from hitting the jumping spider.
The jumping spider is moderately wounded.
The redback bites you but does no damage.
You barely miss the jumping spider.
The jumping spider is moderately wounded.
You block the redback's attack.
The jumping spider pounces on you but does no damage.
The jumping spider barely misses you.
You closely miss the redback. The redback bites you.
* * * LOW HITPOINT WARNING * * *
You hit the redback.
The redback is lightly wounded.
The jumping spider pounces on you!
You die...

. #...............
#...............
#...............
#.................
#.....#.#.....#..#..
#..................^
#.......s..#.........#
#......@s.............##
#......s...............#
#........#.......#......
#....#......#...........
#.............#.........
#............./.........
#.......#..........#..†.
#.....<....#...........†
#....................#†.


You could see a jumping spider and 2 redbacks.

Vanquished Creatures
  Mara (Swamp:3)
  Jorgrun (Spider:4)
  Kirke (Swamp:3)
  3 emperor scorpions
  3 ghost moths (Spider:4)
  2 stone giants (Orc:2)
  Nessos (Orc:2)
  2 spark wasps (Spider:4)
  5 vault guards (D:13)
  An ettin (Orc:1)
  A yaktaur captain (D:15)
  The ghost of CountDeLaPain the Blocker, a journeyman MiFi of Qazlal (IceCv)
  An entropy weaver (Spider:1)
  A merfolk avatar (Swamp:3)
  Fannar (Lair:1)
  A ghost crab (Swamp:2)
  15 hydras
  Erolcha (Orc:2)
  5 centaur warriors
  5 death yaks
  4 ogre magi
  9 alligators
  A queen ant (Spider:2)
  A deep troll shaman (D:15)
  Urug (Lair:4)
  An orc high priest (Orc:2)
  The ghost of mirrorquiz the Slicer, a journeyman VSBe of Trog (D:10)
  Nergalle (Orc:2)
  A deep elf knight (D:13)
  12 swamp dragons
  4 unseen horrors
  A deep troll (D:15)
  6 shambling mangroves
  7 hill giants
  5 orc knights
  11 orb spiders
  A necromancer (IceCv)
  8 hornets
  17 wolf spiders
  2 manticores
  10 orc sorcerers
  2 deep elf magi
  4 moths of wrath
  4 cyclopes
  A griffon (D:14)
  7 ugly things
  7 black mambas
  4 ice statues (IceCv)
  5 torpor snails
  8 centaur skeletons
  2 gargoyles (D:13)
  19 spiny frogs
  A yaktaur (D:15)
  3 rime drakes
  8 demonic crawlers
  A tengu conjurer (D:13)
  5 komodo dragons
  7 ice devils (IceCv)
  5 spriggan druids
  7 polar bears (Lair:8)
  21 jumping spiders
  Prince Ribbit (Lair:3)
  6 trolls
  5 giant leeches
  A raiju (shapeshifter) (D:15)
  4 two-headed ogres
  5 bog bodies
  11 blink frogs
  12 slime creatures
  A spriggan (shapeshifter) (D:15)
  2 shadows
  2 wraiths
  47 redbacks
  17 tarantellas
  A vampire (D:9)
  26 spriggans
  A basilisk (D:14)
  2 wyverns
  A water elemental (D:15)
  65 yaks
  10 hippogriffs
  2 hogs (Swamp:3)
  33 vampire mosquitoes
  3 hungry ghosts
  2 steam dragons
  2 mottled dragons
  10 insubstantial wisps
  7 wargs
  20 soldier ants
  31 swamp worms
  10 water moccasins
  14 swamp drakes
  16 porcupines
  29 orc warriors
  29 wasps
  3 ice beasts
  2 sky beasts
  5 phantoms
  10 black bears
  An eye of draining (D:10)
  8 ogres
  3 necrophages
  13 centaurs
  25 wolves
  16 crocodiles
  8 big kobolds
  25 giant frogs
  A wyvern skeleton (D:7)
  A water moccasin skeleton (D:10)
  3 electric eels
  6 wights
  8 howler monkeys
  6 crimson imps
  A giant frog zombie (D:11)
  5 centaur zombies
  A draconian simulacrum (IceCv)
  8 hounds
  A jelly (D:11)
  A quasit (D:5)
  A wasp zombie (D:12)
  22 orc priests
  37 orc wizards
  6 giant frog skeletons
  7 iguanas
  4 hell rats (Lair:5)
  32 worker ants
  3 troll simulacra (IceCv)
  28 sheep
  3 centaur simulacra (IceCv)
  2 hound zombies
  5 hound skeletons
  Robin (D:2)
  7 gnolls
  A howler monkey skeleton (D:3)
  A naga simulacrum (IceCv)
  2 ogre simulacra (IceCv)
  65 river rats
  8 adders
  7 shadow imps
  12 white imps (D:12)
  An ooze (D:5)
  12 worms
  2 dart slugs (D:1)
  3 giant geckos
  79 orcs
  7 bats
  4 giant cockroaches
  12 goblins
  11 hobgoblins
  7 jackals
  4 quokkas
  2 ball pythons
  5 giant newts
  A goblin skeleton (D:9)
  A jackal skeleton (D:4)
  28 kobolds
  2 kobold skeletons (D:9)
  2 kobold zombies (D:9)
  2 orc skeletons (D:9)
  An orc zombie (D:9)
  A quokka zombie (D:5)
  4 rats
  A fungus (Lair:8)
1312 creatures vanquished.

Vanquished Creatures (others)
  A moth of wrath (Spider:4)
  A spiny frog (Swamp:2)
  A spriggan (Swamp:2)
  A swamp worm (Swamp:2)
  A centaur (D:14)
  5 fungi
  4 plants
14 creatures vanquished.

Grand Total: 1326 creatures vanquished

Notes
Turn   | Place    | Note
--------------------------------------------------------------
     0 | D:1      | Letos the Gargoyle Fighter began the quest for the Orb.
     0 | D:1      | Reached XP level 1. HP: 14/14 MP: 1/1
   467 | D:1      | Reached XP level 2. HP: 17/19 MP: 2/2
  1177 | D:2      | Reached XP level 3. HP: 23/23 MP: 3/3
  1380 | D:2      | Found a sparkling altar of Nemelex Xobeh.
  1387 | D:2      | Noticed Robin
  1414 | D:2      | Killed Robin
  1486 | D:2      | Reached XP level 4. HP: 28/28 MP: 4/4
  1888 | D:2      | Found a deep blue altar of Sif Muna.
  1888 | D:2      | Found an ancient bone altar of Kikubaaqudgha.
  1893 | D:2      | Found a radiant altar of Vehumet.
  1896 | D:2      | Identified Kikubaaqudgha's Disquisition on Unholy Rituals
  2311 | D:3      | Reached skill level 4 in Shields
  2423 | D:3      | Found a faded altar to an unknown god.
  2595 | D:3      | Reached XP level 5. HP: 33/33 MP: 5/5
  3015 | D:3      | Reached skill level 1 in Maces & Flails
  3107 | D:4      | Noticed a phantom
  3291 | D:3      | Reached XP level 6. HP: 25/38 MP: 6/6
  3495 | D:4      | Killed a phantom
  3554 | D:4      | Found a shadowy altar of Dithmenos.
  3655 | D:4      | Found James's Distillery.
  3663 | D:4      | Bought a potion of heal wounds for 55 gold pieces
  3898 | D:4      | Reached XP level 7. HP: 38/44 MP: 7/7
  3929 | D:5      | Entered Level 5 of the Dungeon
  3965 | D:5      | Reached skill level 5 in Shields
  4082 | D:5      | Reached skill level 5 in Fighting
  4116 | D:5      | Found a glowing golden altar of the Shining One.
  4168 | D:5      | Reached skill level 5 in Armour
  4235 | D:5      | Noticed a two-headed ogre
  4247 | D:5      | Killed a two-headed ogre
  4247 | D:5      | Reached XP level 8. HP: 46/49 MP: 8/8
  4588 | D:5      | Found a basalt altar of Yredelemnul.
  4588 | D:5      | Found a shimmering altar of Xom.
  4669 | D:5      | Reached skill level 5 in Maces & Flails
  4678 | D:5      | Reached skill level 6 in Shields
  5004 | D:6      | Found a sacrificial altar of Ru.
  5452 | D:7      | Reached XP level 9. HP: 23/54 MP: 9/9
  5490 | D:7      | Reached skill level 7 in Shields
  5846 | D:7      | Found a stormy altar of Qazlal.
  5954 | D:7      | Found a staircase to the Ecumenical Temple.
  5994 | Temple   | Entered the Ecumenical Temple
  6012 | Temple   | Became a worshipper of Warmaster Okawaru
  6345 | D:7      | Found a white marble altar of Elyvilon.
  6346 | D:7      | Found a snail-covered altar of Cheibriados.
  6686 | D:8      | Got a polished long sword
  6687 | D:8      | Identified the +3 long sword of Uletemm {antimagic, *Corrode rElec Str+4} (You found it on level 8 of the Dungeon)
  6796 | D:8      | Found an oddly glowing altar of Pakellas.
  6804 | D:8      | Got a bloodstained flail
  6822 | D:8      | Identified the cursed +1 flail of Honour {venom, MP+9 Stlth+} (You found it on level 8 of the Dungeon)
  6844 | D:8      | Found a burning altar of Makhleb.
  6996 | D:8      | Reached skill level 8 in Shields
  7124 | D:8      | Reached * piety under Okawaru
  7227 | D:8      | Noticed a two-headed hydra
  7254 | D:8      | Killed a two-headed hydra
  7254 | D:8      | Reached skill level 10 in Maces & Flails
  7254 | D:8      | Reached XP level 10. HP: 59/59 MP: 8/10
  7270 | D:8      | Reached skill level 9 in Shields
  7370 | D:8      | Reached ** piety under Okawaru
  7547 | D:9      | Found a glowing golden altar of the Shining One.
  8541 | D:10     | Entered Level 10 of the Dungeon
  8541 | D:10     | Noticed mirrorquiz's ghost (journeyman VSBe)
  8565 | D:10     | Killed mirrorquiz's ghost
  8905 | D:10     | Reached *** piety under Okawaru
  8909 | D:10     | Noticed a hill giant
  8937 | D:10     | Killed a hill giant
  8937 | D:10     | Reached skill level 10 in Shields
  9104 | D:10     | Found a staircase to the Orcish Mines.
  9110 | D:10     | Noticed a hill giant
  9151 | D:10     | Killed a hill giant
  9151 | D:10     | Reached XP level 11. HP: 56/64 MP: 8/11
  9339 | D:10     | Reached **** piety under Okawaru
  9921 | D:10     | Reached skill level 11 in Shields
 10119 | D:10     | Reached skill level 1 in Invocations
 10251 | D:11     | Noticed a centaur warrior
 10290 | D:10     | Killed a centaur warrior
 10713 | D:11     | Noticed a purple ugly thing
 10727 | D:11     | Killed a purple ugly thing
 10727 | D:11     | Reached ***** piety under Okawaru
 10727 | D:11     | Reached skill level 12 in Shields
 10980 | D:11     | Noticed an unseen horror
 10994 | D:11     | Killed an unseen horror
 11268 | D:11     | Found a staircase to the Lair.
 11524 | Lair:1   | Entered Level 1 of the Lair of Beasts
 11594 | Lair:1   | Reached XP level 12. HP: 63/69 MP: 15/15
 11904 | Lair:1   | Noticed Fannar
 11933 | Lair:1   | Killed Fannar
 11933 | Lair:1   | Reached skill level 13 in Shields
 11933 | Lair:1   | Reached skill level 5 in Invocations
 11984 | Lair:1   | Noticed a six-headed hydra
 11999 | Lair:1   | Killed a six-headed hydra
 13122 | Lair:2   | Noticed a five-headed hydra
 13138 | Lair:2   | Killed a five-headed hydra
 13138 | Lair:2   | Received a gift from Okawaru
 13138 | Lair:2   | Reached skill level 14 in Shields
 13139 | Lair:2   | Got a heavily runed scale mail {god gift}
 13150 | Lair:2   | Identified the +0 scale mail "Bilew" {rC+} (Okawaru gifted it to you on level 2 of the Lair of Beasts)
 14363 | Lair:3   | Reached ****** piety under Okawaru
 14491 | Lair:3   | Found a staircase to the Swamp.
 14585 | Lair:3   | Noticed Prince Ribbit
 14788 | Lair:3   | Reached skill level 15 in Shields
 14957 | Lair:4   | Noticed Urug
 14982 | Lair:4   | Killed Urug
 15007 | Lair:4   | Reached XP level 13. HP: 32/74 MP: 19/19
 16134 | Lair:5   | Received a gift from Okawaru
 16149 | Lair:5   | Identified a +1 pair of boots of running (Okawaru gifted it to you on level 5 of the Lair of Beasts)
 18202 | Lair:6   | Found a hole to the Spider Nest.
 18600 | Lair:6   | Received a gift from Okawaru
 18738 | Lair:6   | Gained mutation: Your large and strong wings let you fly indefinitely. [Gargoyle growth]
 18738 | Lair:6   | Reached XP level 14. HP: 43/84 MP: 14/20
 19896 | Lair:7   | Received a gift from Okawaru
 20476 | Lair:8   | Entered Level 8 of the Lair of Beasts
 20608 | Lair:8   | Found a viscous altar of Jiyva.
 20610 | Lair:8   | Found a staircase to the Slime Pits.
 21337 | Lair:8   | Reached skill level 10 in Armour
 21390 | Lair:8   | Reached skill level 15 in Maces & Flails
 21410 | Lair:8   | Received a gift from Okawaru
 22978 | D:12     | Found a frozen archway.
 23000 | IceCv    | Entered an ice cave
 23001 | IceCv    | Identified a scroll of acquirement
 23030 | IceCv    | Reached skill level 10 in Fighting
 23071 | IceCv    | Noticed CountDeLaPain's ghost (journeyman MiFi)
 23118 | IceCv    | Killed CountDeLaPain's ghost
 23733 | IceCv    | Reached XP level 15. HP: 92/92 MP: 21/21
 23809 | IceCv    | Got a distressingly furry plate armour
 23825 | IceCv    | Identified the +5 plate armour of the Villain {rN+ Regen+ Stlth-} (You found it in an ice cave)
 24231 | D:13     | Found Visud's Distillery.
 24676 | D:13     | Found a gate to the Vaults.
 25324 | D:14     | Received a gift from Okawaru
 25464 | D:14     | Found a stormy altar of Qazlal.
 25780 | D:14     | Noticed an angel
 25781 | D:14     | Found a glowing silver altar of Zin.
 25908 | D:15     | Entered Level 15 of the Dungeon
 25926 | D:15     | Reached skill level 16 in Shields
 26377 | D:15     | Received a gift from Okawaru
 26583 | D:15     | Found a portal to a secret trove of treasure.
 26810 | D:15     | Found a staircase to the Depths.
 27243 | Depths:1 | Entered Level 1 of the Depths
 27270 | D:15     | Received a gift from Okawaru
 27523 | Orc:1    | Entered Level 1 of the Orcish Mines
 27644 | Orc:1    | Reached skill level 17 in Shields
 27644 | Orc:1    | Reached XP level 16. HP: 99/100 MP: 22/22
 27802 | Orc:2    | Entered Level 2 of the Orcish Mines
 28246 | Orc:2    | Found a staircase to the Elven Halls.
 28430 | Orc:2    | Found a roughly hewn altar of Beogh.
 28453 | Orc:2    | Noticed Nessos
 28485 | Orc:2    | Killed Nessos
 28906 | Orc:2    | Found an ancient bone altar of Kikubaaqudgha.
 28907 | Orc:2    | Noticed Nergalle
 28964 | Orc:2    | Reached skill level 18 in Shields
 28975 | Orc:2    | Killed Nergalle
 28999 | Orc:2    | Found Mihi's Gadget Boutique.
 29019 | Orc:2    | Noticed Erolcha
 29028 | Orc:2    | Found a radiant altar of Vehumet.
 29048 | Orc:2    | Killed Erolcha
 29121 | Orc:2    | Found a roughly hewn altar of Beogh.
 29121 | Orc:2    | Found Cystrion's Antique Weapon Shop.
 29135 | Orc:2    | Found Konecumu's Magic Scroll Boutique.
 29146 | Orc:2    | Received a gift from Okawaru
 29162 | Orc:2    | Found Juim's Book Shop.
 30078 | Lair:3   | Killed Prince Ribbit
 30096 | Swamp:1  | Entered Level 1 of the Swamp
 30734 | Swamp:1  | Reached skill level 19 in Shields
 31252 | Swamp:2  | Received a gift from Okawaru
 31253 | Swamp:2  | Got a polished scimitar {god gift}
 31296 | Swamp:2  | Identified the +5 scimitar of the Lurker {freeze, Dex+4} (Okawaru gifted it to you on level 2 of the Swamp)
 32529 | Swamp:3  | Noticed Mara
 32552 | Swamp:3  | Noticed Letos's illusion
 32887 | Swamp:3  | Reached skill level 20 in Shields
 32921 | Swamp:3  | Reached XP level 17. HP: 98/104 MP: 17/23
 32962 | Swamp:3  | Noticed Letos's illusion
 33028 | Swamp:3  | HP: 4/104 [Mara (illusionary)/demon whip of draining (13)]
 33527 | Swamp:3  | Received a gift from Okawaru
 33535 | Swamp:3  | Noticed Kirke
 33552 | Swamp:3  | Killed Kirke
 33757 | Swamp:3  | Noticed Letos's illusion
 33815 | Swamp:3  | Killed Mara
 33815 | Swamp:3  | Received a gift from Okawaru
 34204 | Swamp:4  | Entered Level 4 of the Swamp
 34330 | Swamp:4  | Reached skill level 21 in Shields
 34541 | Swamp:4  | Got a decaying rune of Zot
 34871 | Swamp:4  | Received a gift from Okawaru
 35769 | Lair:1   | Gained mutation: You are partially covered in slimy green scales (AC +2). [potion of beneficial mutation]
 35770 | Lair:1   | Gained mutation: You have large cloven feet. [potion of beneficial mutation]
 35918 | Spider:1 | Entered Level 1 of the Spider Nest
 36311 | Spider:1 | Reached skill level 22 in Shields
 36323 | Spider:1 | You fall through a shaft!
 36405 | Spider:2 | Received a gift from Okawaru
 37130 | Spider:3 | Reached XP level 18. HP: 98/110 MP: 20/24
 37374 | Spider:3 | Received a gift from Okawaru
 37826 | Spider:4 | Entered Level 4 of the Spider Nest
 37905 | Spider:4 | Reached skill level 23 in Shields
 38572 | Spider:4 | Noticed Jorgrun
 38611 | Spider:4 | Killed Jorgrun
 38826 | Spider:4 | Slain by a jumping spider

Skill      XL: |  1  2  3  4  5  6  7  8  9 10 11 12 13 14 15 16 17 18 |
---------------+-------------------------------------------------------+-----
Long Blades    | 2 3 |  3.5
Shields        | 4 5 6 8 10 12 15 17 20 22 23 | 23.7
Fighting       | 4 5 6 8 10 11 | 11.0
Armour         | 4 5 6 8 10 11 | 11.2
Maces & Flails | 1 3 4 7 10 12 13 15 16 | 16.1
Invocations    | 4 8 |  8.0

Action                   |  1- 3 |  4- 6 |  7- 9 | 10-12 | 13-15 | 16-18 || total
-------------------------+-------+-------+-------+-------+-------+-------++-------
Melee: Long sword        |   143 |    76 |       |       |       |       ||   219
       Whip              |       |   148 |   429 |  1146 |  2016 |       ||  3739
       Morningstar       |       |       |       |    58 |       |       ||    58
       Eveningstar       |       |       |       |       |   958 |  1307 ||  2265
       Demon whip        |       |       |       |       |    35 |  1643 ||  1678
Invok: Heroism           |       |       |     1 |    11 |    17 |    13 ||    42
       Finesse           |       |       |       |       |     5 |    19 ||    24
 Abil: Fly               |       |       |       |       |       |     1 ||     1
       Stop Flying       |       |       |       |       |       |     1 ||     1
Evoke: Wand              |       |       |       |       |       |     2 ||     2
  Use: Potion            |       |       |     3 |       |     2 |     7 ||    12
       Scroll            |       |       |    13 |     9 |    13 |     6 ||    41
 Stab: Confused          |       |       |       |       |       |     3 ||     3
  Eat: Chunk             |     2 |     7 |     3 |    22 |    27 |    10 ||    71
       Bread ration      |       |       |     2 |     1 |     2 |     3 ||     8
       Meat ration       |       |       |       |     1 |     2 |     3 ||     6
       Beef jerky        |       |       |       |       |       |     1 ||     1
Armor: Scale mail        |    79 |   112 |   152 |       |       |       ||   343
       Chain mail        |       |       |    16 |   299 |   416 |       ||   731
       Plate armour      |       |       |       |       |   354 |  1251 ||  1605
Dodge: Dodged            |    51 |    94 |   138 |   219 |   539 |   544 ||  1585
Block: Shield            |    92 |   125 |   187 |   484 |  1438 |   879 ||  3205
       Large shield      |       |       |       |       |       |  1539 ||  1539
